AoeStats
← Leon.Watch

Lombardia

508867115Analyzed
3v3 RM · 6d ago on Sep 24, 2026· 21m 55s· 6 players
Game mode
Random Map
Map size
Normal (6 player)
Population
200
Speed
Normal
Resources
Standard
Victory
Conquest
Starting age
Dark Age
Ending age
Imperial Age
RankedLock teamsTeams togetherTeam positionsShared explorationLock speedFull tech treeHidden civsTurbo modeCheats
Victory
Defeat
🇨🇳 Danes · China
1517
+11
🇨🇳 Burmese · China
1512
+11
🇹🇼 Tatars · Taiwan
1487
+12
🇨🇳 Danes · China
1430
-12
🇨🇳 Varangians · China
1423
-12
🇨🇳 Saxons · China
1355
-10
Ezer
6:27 Loom
9:19 Feudal Age
10:06 Double-Bit Axe
14:51 Bloodlines
17:29 Wheelbarrow
21:09 Castle Age
Leon.Watch
7:03 Loom
9:29 Feudal Age
10:24 Double-Bit Axe
14:34 Fletching
22:20 Castle Age
21:27 Horse Collar
ThompsonAK
6:39 Loom
9:42 Feudal Age
10:27 Double-Bit Axe
16:17 Bloodlines
16:26 Horse Collar
19:12 Scale Barding Armor
20:52 Forging
Haosbot
6:41 Loom
9:05 Feudal Age
10:36 Double-Bit Axe
10:33 Horse Collar
15:10 Scale Barding Armor
18:23 Bloodlines
21:13 Castle Age
21:16 Light Cavalry
21:58 Husbandry
不西西
2:24 Loom
9:58 Feudal Age
14:12 Castle Age
12:15 Double-Bit Axe
13:33 Fletching
13:53 Horse Collar
17:39 Bodkin Arrow
19:46 Padded Archer Armor
EricLu6
0:59 Loom
10:57 Feudal Age
9:16 Loom
15:15 Castle Age
13:41 Horse Collar
15:37 Padded Archer Armor
15:33 Gold Mining
19:47 Heavy Plow
20:39 Husbandry
21:44 Bloodlines
Connection lost

Rejoining the realm…

Still unreachable

The connection could not be restored.

Session expired

The server has moved on; the page needs a fresh start.